 Dungeon Crawl Stone Soup version 0.32-a0-40-g2adb59ae06 (webtiles) character file.

Game seed: 9419555017999481378

1009 bjtr the Cutter (level 8, -1/39 HPs)
             Began as a Vine Stalker Enchanter on Jan 13, 2024.
             Succumbed to a gnoll sergeant's poison
             ... on level 5 of the Dungeon on Jan 25, 2024.
             The game lasted 00:19:38 (4208 turns).

bjtr the Cutter (Vine Stalker Enchanter)            Turns: 4208, Time: 00:19:39

Health: -1/39      AC:  4    Str: 12    XL:     8   Next: 21%
Magic:  3/12       EV: 12    Int: 17    God:
Gold:   302        SH:  0    Dex: 14    Spells: 5/11 levels left

rFire   . . .        u - +2 short sword (elec)
rCold   . . .        (no shield)
rNeg    . . .        h - +0 leather armour
rPois   .            (no helmet)
rElec   .            n - scarf {repulsion}
rCorr   .            e - +0 pair of gloves
SInv    .            (no boots)
Will    +....        B - amulet of regeneration
Stlth   +++          (no ring)
HPRegen 1.86/turn    (no ring)
MPRegen 0.13/turn

%: repel missiles, guardian spirit
@: lethally poisoned (-1 -> -27)
A: fangs 3, regeneration 1, magic shield, antimagic bite, no potion heal 2
a: no special abilities


You were on level 5 of the Dungeon.
You visited 1 branch of the dungeon, and saw 5 of its levels.

You collected 302 gold pieces.

Inventory:

Hand Weapons
 a - a +2 dagger of venom
 d - a +0 morningstar
 i - a +1 short sword of draining
 l - a +0 short sword
 s - a +0 sling
 u - a +2 short sword of electrocution (weapon)
 y - a +2 trident of flaming
Missiles
 q - 3 javelins (quivered)
Armour
 b - a +0 robe
 e - a +0 pair of gloves (worn)
 h - a +0 leather armour (worn)
 n - a scarf of repulsion (worn)
 v - the +7 Kryia's mail coat {PotionHeal*2 rC+}
   (You found it on level 4 of the Dungeon)

   PotionHeal*2: Potions heal its wearer twice as much.
   rC+:       It protects you from cold.
Jewellery
 B - an amulet of regeneration (around neck)
Talismans
 g - a beast talisman
Wands
 C - a wand of roots (4)
Scrolls
 m - a scroll of poison
 o - a scroll of brand weapon
 p - 2 scrolls of amnesia
 w - a scroll of vulnerability
Potions
 c - 2 potions of invisibility
 f - 4 potions of attraction
 j - a potion of might
 k - a potion of lignification
 r - a potion of brilliance
 t - 5 potions of curing
 x - a potion of enlightenment {unknown}
 A - 3 potions of heal wounds {unknown}


   Skills:
 + Level 2.0 Fighting
 * Level 5.8 Short Blades
 + Level 2.8 Armour
 + Level 2.8 Dodging
 + Level 5.6 Stealth
 + Level 2.4 Spellcasting
 + Level 3.3 Hexes


You had 5 spell levels left.
You knew the following spells:

 Your Spells              Type           Power      Damage    Failure   Level
a - Confusing Touch       Hex            13%        N/A       19%         3
b - Tukima's Dance        Hex            13%        N/A       19%         3

Your spell library contained the following spells:

 Spells                   Type           Power      Damage    Failure   Level
 Slow                     Hex            52%        N/A       6%          1
 Ensorcelled Hibernation  Hex/Ice        14%        N/A       19%         2
 Sigil of Binding         Hex            13%        N/A       19%         3
 Dazzling Flash           Conj/Hex       14%        N/A       34%         3
 Vampiric Draining        Necr           2%         2d6       56%         3


Dungeon Overview and Level Annotations

Branches:
Dungeon (5/15)
 Temple: D:4-7

Altars:
Dithmenos
Nemelex Xobeh
Uskayaw

Shops:
D:4 :

Annotations:
D:5 3 runed translucent doors, zenocrate's ghost, amateur VSEn


Innate Abilities, Weirdness & Mutations

You have razor-sharp teeth.
Your natural rate of healing is unusually fast.
When hurt, damage is shared between your health and your magic reserves.
Your bite disrupts and absorbs the magic of your enemies.
Potions cannot restore your health.


Message History

The gnoll is lightly wounded.
The gnoll misses you.
You hit the gnoll. You bite the gnoll. You drain its power.
You feel invigorated.
The gnoll is heavily wounded.
The gnoll barely misses you.
You completely miss the gnoll. Your bite misses the gnoll.
The gnoll is heavily wounded.
The gnoll hits you with a +0 halberd.
You hit the gnoll but do no damage.
The gnoll is heavily wounded.
You hit the gnoll.
The gnoll is almost dead.
The gnoll closely misses you.
You barely miss the gnoll.
The gnoll is almost dead.
The gnoll hits you with a +0 halberd.
You barely miss the gnoll. Your bite misses the gnoll.
The gnoll is almost dead.
You hit the gnoll.
You kill the gnoll!
The gnoll sergeant hits you from afar with a +1 trident of venom!
You are poisoned.
Things that are here:
a +0 halberd; a gnoll corpse You feel very sick.
The gnoll sergeant barely misses you.
You hit the gnoll sergeant but do no damage.
You bite the gnoll sergeant, but do no damage.
You feel sick.
The gnoll sergeant hits you with a +1 trident of venom.
You are more poisoned.
You hit the gnoll sergeant.
You bite the gnoll sergeant, but do no damage.
The gnoll sergeant is lightly wounded.
You feel very sick.
The gnoll sergeant hits you with a +1 trident of venom!
* * * LOW HITPOINT WARNING * * *
You are lethally poisoned!
You die...

#.# #⌠.⌠##)... #g# #.# ##'##)###.
#.# ####.####### #.##.# #. #g#
#..........# #....###. #.#
#.##.#####.# ####.#... #.# #
#.##..## #.# #.#... #.# .#
#.##..g###.######.#... #.##.#
#.#................... .....#
#....@.).)............
#.##########.#.....##.######.##.#
#...g...f†........###.# #.##.#
..............##.## #.######.....
############.##### #...........#
### #############


You could see a gnoll sergeant.

Vanquished Creatures
  A wyvern (D:5)
  Menkaure (D:4)
  An ogre (D:4)
  2 gnoll sergeants (D:5)
  2 bombardier beetles
  2 orc priests
  A hound (D:5)
  A sleepcap (D:5)
  An orc wizard (D:4)
  12 gnolls (D:5)
  10 adders
  2 ufetubi (D:5)
  A ribbon worm (D:2)
  11 orcs
  8 ball pythons
  10 endoplasms
  3 giant cockroaches
  7 goblins
  6 hobgoblins
  9 jackals
  9 kobolds
  A quokka (D:4)
  5 bats
  2 frilled lizards
  6 rats
114 creatures vanquished.

Notes
Turn   | Place    | Note
-------+----------+-------------------------------------------
     0 | D:1      | bjtr the Vine Stalker Enchanter began the quest for the
                  | Orb.
     0 | D:1      | Reached XP level 1. HP: 9/9 MP: 4/4
   110 | D:1      | Reached skill level 1 in Short Blades
   128 | D:1      | Reached XP level 2. HP: 13/13 MP: 4/6
  1062 | D:2      | Found a shadowy altar of Dithmenos.
  1103 | D:2      | Reached XP level 3. HP: 16/16 MP: 7/7
  1110 | D:2      | Learned a level 3 spell: Confusing Touch
  1114 | D:2      | Learned a level 3 spell: Tukima's Dance
  1308 | D:2      | Reached XP level 4. HP: 17/21 MP: 6/8
  1540 | D:2      | Found a faded altar of an unknown god.
  2166 | D:3      | Reached XP level 5. HP: 17/25 MP: 5/9
  2570 | D:3      | Reached skill level 1 in Armour
  2834 | D:4      | Reached skill level 1 in Fighting
  2957 | D:4      | Found Ofefav's Self-Published Books.
  2993 | D:4      | Found the +7 Kryia's mail coat {PotionHeal*2 rC+}
  3069 | D:4      | Reached XP level 6. HP: 30/30 MP: 10/10
  3116 | D:4      | Reached skill level 5 in Stealth
  3410 | D:4      | Noticed Menkaure
  3444 | D:4      | Killed Menkaure
  3501 | D:5      | Entered Level 5 of the Dungeon
  3571 | D:5      | Reached XP level 7. HP: 33/33 MP: 9/11
  3707 | D:5      | Noticed zenocrate's ghost (amateur VSEn)
  3712 | D:5      | Noticed a wyvern
  3722 | D:5      | Killed a wyvern
  3766 | D:5      | Upgraded the game from 0.31-a0-1626-g5cb510d322 to
                  | 0.32-a0-40-g2adb59ae06
  3834 | D:4      | Reached skill level 5 in Short Blades
  3882 | D:5      | Found a runed translucent gate.
  3882 | D:5      | Found a runed translucent gate.
  3882 | D:5      | Found a runed translucent gate.
  3905 | D:5      | Found a hide-covered altar of Uskayaw.
  3905 | D:5      | Found a sparkling altar of Nemelex Xobeh.
  4131 | D:5      | Gained mutation: You have razor-sharp teeth. [Vine Stalker
                  | growth]
  4131 | D:5      | Reached XP level 8. HP: 30/39 MP: 5/12
  4208 | D:5      | Succumbed to a gnoll sergeant's poison

Illustrated notes

Levels and vault maps discovered:
D:1:      hellmonk_arrival_library, layout_loops_corners
D:2:      layout_basic, ebering_ecumenical_altar_hall, serial_forest,
          infiniplex_forest_corner_1, infiniplex_forest_clump_double,
          infiniplex_forest_end_2, infiniplex_forest_straight_3,
          infiniplex_forest_clump_diagonal, infiniplex_forest_lined_3,
          basic_altar
D:3:      layout_loops_ring
D:4:      layout_basic, nicolae_custom_books, abandoned_shop, kennysheep_nub,
          uniq_menkaure
D:5:      kennysheep_windowed_halls, layout_loops_ring,
          gammafunk_temple_overflow_statue, gammafunk_ghost_icy, dk_vineyard_1,
          st_stairs_2

Skill      XL: |  1  2  3  4  5  6  7  8 |
---------------+-------------------------+-----
Short Blades   | 1 2 3 4 5 |  5.8
Stealth        | 4 5 |  5.6
Armour         | 1 2 |  2.8
Dodging        | 2 |  2.8
Fighting       | 1 2 |  2.0
Spellcasting   | |  2.4
Hexes          | |  3.3

Action                     |  1- 3 |  4- 6 |  7- 9 || total
---------------------------+-------+-------+-------++-------
  Melee: Dagger            |   104 |   168 |       ||   272
         Bite              |    18 |    47 |    25 ||    90
         Punch             |     2 |     2 |       ||     4
         Short sword       |       |    29 |    84 ||   113
   Cast: Tukima's Dance    |       |       |     2 ||     2
    Use: Scroll            |     4 |     7 |       ||    11
         Potion            |       |       |     1 ||     1
   Stab: Sleeping          |     7 |     9 |     1 ||    17
 Armour: Robe              |     8 |       |       ||     8
         Leather armour    |    34 |    95 |    34 ||   163
         Scale mail        |       |    25 |    17 ||    42
         Skin              |       |       |     1 ||     1
  Dodge: Dodged            |    55 |   113 |    45 ||   213

Table legend: (Time is in decaauts)
 A = Elapsed time spent in this place.
 B = Non-inter-level travel time spent in this place.
 C = Inter-level travel time spent in this place.
 D = Time resting spent in this place.
 E = Time spent auto-exploring this place.
 F = Levels seen in this place.
 G = Mean time per level.
                   A        B        C        D        E       F      G
               +--------+--------+--------+--------+--------+-----+--------+
         Total |   4130 |   4013 |    117 |    165 |   2688 |   5 |  826.0 |
       Dungeon |   4130 |   4013 |    117 |    165 |   2688 |   5 |  826.0 |
               +--------+--------+--------+--------+--------+-----+--------+

Top non-repeatable levels by time:
     D:1: 1057 daAuts
     D:2: 843 daAuts
     D:4: 810 daAuts
     D:3: 780 daAuts
     D:5: 637 daAuts
